 Dungeon Crawl Stone Soup version 0.30-a0-475-g03497ec522 (webtiles) character file.

Game seed: 13336518404183864420

11 tilp the Shield-Bearer (level 2, -4/26 HPs)
             Began as a Meteoran Fighter on Dec 20, 2022.
             Killed from afar by an orc wizard (11 damage)
             ... with a puff of flame
             ... on level 4 of the Dungeon.
             The game lasted 00:01:04 (164 turns).

tilp the Shield-Bearer (Meteoran Fighter)            Turns: 164, Time: 00:01:04

Health: -4/26      AC:  7    Str: 17    XL:     2   Next: 52%
Magic:  3/3        EV:  9    Int:  9    God:
Gold:   0          SH:  5    Dex: 13    Spells: 1/1 levels left

rFire   . . .      SeeInvis .    a - +0 long sword
rCold   . . .      Faith    .    c - +0 buckler
rNeg    . . .      Spirit   .    b - +0 scale mail
rPois   .          Reflect  .    (no helmet)
rElec   .          Harm     .    (no cloak)
rCorr   .          Rampage  .    (no gloves)
Will    .....                    (no boots)
Stlth   ..........               (no amulet)
HPRegen 0.24/turn                (no ring)
MPRegen 0.08/turn                (no ring)

@: mighty, glowing
A: sense surroundings 1, otherworldly, glowing, explore regen
a: no special abilities


You were on level 4 of the Dungeon.
You visited 1 branch of the dungeon, and saw 4 of its levels.

Inventory:

Hand Weapons
 a - a +0 long sword (weapon)
Armour
 b - a +0 scale mail (worn)
 c - a +0 buckler (worn)
Scrolls
 e - a scroll of fear {unknown}


   Skills:
 + Level 3.4 Fighting
 + Level 2.5 Long Blades
 + Level 3.7 Armour
 * Level 1.0 Dodging
 + Level 0.2 Stealth
 + Level 3.7 Shields


You had one spell level left.
You didn't know any spells.
Your spell library was empty.

Dungeon Overview and Level Annotations

Branches:
Dungeon (4/15) Zot: 2220
 Temple: D:4-7

Altars:


Innate Abilities, Weirdness & Mutations

You passively map a small area around you.
You are easily found by Zot.
You glow in the dark.
You regain HP and MP as you explore.


Message History

Deactivating autopickup; reactivate with Ctrl-A.
Something hits you.
You barely miss something. Something hits you but does no damage.
You barely miss something. Something hits you but does no damage.
You barely miss something. Something hits you.
Something hits you but does no damage.
You miss something. Something hits you but does no damage.
You closely miss something.
You hear some strange, mumbled words.
A puff of flame appears from out of thin air!
The puff of flame hits you.
You miss something. Something hits you but does no damage.
You hear some strange, mumbled words.
A magic dart appears from out of thin air!
The magic dart hits you.
You closely miss something.
You hear some strange, mumbled words.
Something tries to affect you, but you resist.
You closely miss something. Something hits you.
You closely miss something. Something hits you but does no damage.
You block something's attack.
You closely miss something. Something hits you but does no damage.
You miss something. Something hits you but does no damage.
You hit something but do no damage. Something hits you.
Something hits you but does no damage.
You hit something. Something hits you.
You closely miss something. Something completely misses you.
You miss something. Something hits you.
* * * LOW HITPOINT WARNING * * *
You block something's attack.
You hit something. Something hits you.
* * * LOW HITPOINT WARNING * * *
Unknown command.
You closely miss something. Something hits you but does no damage.
Unknown command.
You feel very mighty all of a sudden.
You hear some strange, mumbled words.
A puff of flame appears from out of thin air!
The puff of flame hits you!
You die...

.........<# ,,
..........# .g..
.........)# .... , *
..........# * ,..... *
..........#### ..... , ,
.............## **......
** ..........##..###
#......
..........###...##ow.....
*
###..######*###.@{oo.....
, #)# ####g...... #. ,
....... * .. ....... * ,
# , , * ....... ,, ,,
....... * * , , ,.......,
* ....... ,


You could see a dart slug, 3 orcs and a goblin.

Vanquished Creatures
  An orc (D:4)
  A goblin (D:4)
  2 hobgoblins
  A kobold (D:3)
  A quokka (D:4)
  2 ball pythons
  A frilled lizard (D:2)
9 creatures vanquished.

Notes
Turn   | Place    | Note
-------+----------+-------------------------------------------
     0 | D:1      | tilp the Meteoran Fighter began the quest for the Orb.
     0 | D:1      | Reached XP level 1. HP: 19/19 MP: 2/2
    86 | D:3      | Reached XP level 2. HP: 26/26 MP: 3/3
   146 | D:4      | Reached skill level 1 in Dodging
   164 | D:4      | Killed from afar by an orc wizard

Illustrated notes

Levels and vault maps discovered:
D:1:      roderic_crossed_star, layout_loops_corners, minmay_cupped
D:2:      layout_loops_ring, nrook_mini_vaults
D:3:      layout_basic, lemuel_doored_altar, lemuel_crystal_altar,
          nicolae_overflow_hidden_temple
D:4:      layout_rooms, lemuel_tele_altar

Skill      XL: |  1  2 |
---------------+-------+-----
Dodging        | 1 |  1.0
Fighting       | |  3.4
Long Blades    | |  2.5
Armour         | |  3.7
Stealth        | |  0.2
Shields        | |  3.7

Action                   || total
-------------------------++-------
Melee: Long sword        ||    47
  Use: Potion            ||     1
Armor: Scale mail        ||    23
Dodge: Dodged            ||    10
Block: Buckler           ||     4

Table legend: (Time is in decaauts)
 A = Elapsed time spent in this place.
 B = Non-inter-level travel time spent in this place.
 C = Inter-level travel time spent in this place.
 D = Time resting spent in this place.
 E = Time spent auto-exploring this place.
 F = Levels seen in this place.
 G = Mean time per level.
                   A        B        C        D        E       F      G
               +--------+--------+--------+--------+--------+-----+--------+
         Total |    178 |    178 |      0 |      0 |      0 |   4 |   44.5 |
       Dungeon |    178 |    178 |      0 |      0 |      0 |   4 |   44.5 |
               +--------+--------+--------+--------+--------+-----+--------+

Top non-repeatable levels by time:
     D:4: 66 daAuts
     D:2: 55 daAuts
     D:1: 29 daAuts
     D:3: 26 daAuts
